 Dungeon Crawl Stone Soup version 0.30-b1-2-g02819fbbbe (webtiles) character file.

Game seed: 15154253451024390667

74 Flugkiller the Trooper (level 4, -2/41 HPs)
             Began as a Minotaur Fighter on May 8, 2023.
             Slain by a gnoll
             ... wielding a +0 spear
              (8 damage)
             ... on level 2 of the Dungeon.
             The game lasted 00:00:50 (1396 turns).

Flugkiller the Trooper (Minotaur Fighter)           Turns: 1396, Time: 00:00:50

Health: -2/41      AC:  9    Str: 22    XL:     4   Next: 10%
Magic:  3/3        EV:  9    Int:  5    God:
Gold:   84         SH:  4    Dex: 10    Spells: 3/3 levels left

rFire   . . .        a - +0 war axe
rCold   . . .        c - +0 buckler
rNeg    . . .        b - +0 scale mail
rPois   .            (helmet restricted)
rElec   .            g - +0 cloak
rCorr   .            (no gloves)
SInv    .            h - +0 pair of boots
Will    .....        (no amulet) Stlth
                     (no ring)
HPRegen 0.26/turn    (no ring)
MPRegen 0.08/turn

%: no passive effects
@: no status effects
A: horns 2, retaliatory headbutt
a: no special abilities


You were on level 2 of the Dungeon.
You visited 1 branch of the dungeon, and saw 2 of its levels.

You collected 84 gold pieces.

Inventory:

Hand Weapons
 a - a +0 war axe (weapon)
Armour
 b - a +0 scale mail (worn)
 c - a +0 buckler (worn)
 g - a +0 cloak (worn)
   (You found it on level 1 of the Dungeon)
 h - a +0 pair of boots (worn)
   (You found it on level 1 of the Dungeon)
Wands
 n - a wand of mindburst (10)
   (You found it on level 2 of the Dungeon)
Scrolls
 e - 2 scrolls of identify {unknown}
 f - a scroll of fog {unknown}
 i - 2 scrolls of enchant armour {unknown}
 j - a scroll of silence {unknown}
 k - a scroll of noise {unknown}
Potions
 d - 2 potions of might
 l - a potion of heal wounds {unknown}
 m - a potion of mutation {unknown}


   Skills:
 * Level 4.5 Fighting
 * Level 3.5 Axes
 * Level 4.3 Armour
 + Level 4.0 Shields


You had 3 spell levels left.
You didn't know any spells.
Your spell library was empty.

Dungeon Overview and Level Annotations

Branches:
Dungeon (2/15)

Altars:


Innate Abilities, Weirdness & Mutations

You have a pair of horns on your head.
You reflexively headbutt those who attack you in melee.


Message History

You closely miss the bat. The bat hits you but does no damage.
You block the bat's attack.
You hit the bat. Your headbutt misses the bat.
The bat is moderately wounded.
The bat closely misses you. You furiously retaliate!
You headbutt the bat.
You kill the bat!
Found an ivory wand.
The adder barely misses you. You block the adder's attack.
You closely miss the adder. The adder bites you but does no damage.
You hit the adder. Your headbutt misses the adder.
The adder is heavily wounded.
The adder barely misses you. The adder bites you.
You slash the adder!
You kill the adder!
You have reached level 4!
You feel agile.
n - a wand of mindburst (10)
A quokka comes into view.
A quokka is nearby!
A quokka is nearby!
You closely miss the quokka.
You headbutt the quokka, but do no damage.
The quokka barely misses you. You furiously retaliate!
You headbutt the quokka!
You kill the quokka!
No target in view!
No target in view!
No target in view!
No target in view!
No target in view!
No target in view!
Found an escape hatch in the ceiling.
Found a stone.
A rat comes into view.
Found a stone staircase leading down.
The rat twitches its whiskers.
The rat closely misses you. You furiously retaliate!
You headbutt the rat!
You kill the rat!
No target in view!
No target in view!
No target in view!
No target in view!
No target in view!
No target in view!
No target in view!
No target in view!
You see here a rat corpse.
There is an escape hatch in the ceiling here.
A gnoll comes into view. It is wielding a +0 spear.
The gnoll shouts!
A gnoll is nearby!
A gnoll is nearby!
A gnoll is nearby!
The gnoll hits you from afar with a +0 spear.
A gnoll comes into view. It is wielding a +0 spear.
A gnoll comes into view. It is wielding a +0 whip.
The gnoll shouts! x2
The gnoll barely misses you.
You hit the gnoll.
The gnoll is lightly wounded.
The gnoll hits you but does no damage.
The gnoll hits you from afar with a +0 spear.
You closely miss the gnoll. Your headbutt misses the gnoll.
The gnoll is lightly wounded.
You slash the gnoll! The gnoll hits you with a +0 spear.
The gnoll closely misses you. x2
You hit the gnoll.
The gnoll is severely wounded.
You hit the gnoll. The gnoll hits you with a +0 spear!
You block the gnoll's attack.
The gnoll hits you from afar with a +0 spear. x2
The gnoll barely misses you. The gnoll hits you with a +0 spear.
You closely miss the gnoll. You headbutt the gnoll.
The gnoll is almost dead.
You closely miss the gnoll. You block the gnoll's attack.
The gnoll hits you from afar with a +0 spear.
The gnoll hits you but does no damage.
You are too injured to fight recklessly!
You are too injured to fight recklessly!
You are too injured to fight recklessly!
You are too injured to fight recklessly!
You are too injured to fight recklessly!
You are too injured to fight recklessly!
You are too injured to fight recklessly!
You are too injured to fight recklessly!
You are too injured to fight recklessly!
You are too injured to fight recklessly!
You are too injured to fight recklessly!
You are too injured to fight recklessly!
Unknown command.
The gnoll attacks as you move away! The gnoll hits you but does no damage.
The gnoll hits you from afar with a +0 spear.
* * * LOW HITPOINT WARNING * * *
The gnoll attacks as you move away! The gnoll hits you with a +0 whip.
* * * LOW HITPOINT WARNING * * *
The gnoll attacks as you move away! The gnoll hits you but does no damage.
There is an escape hatch in the ceiling here.
You can't go down here!
The gnoll hits you with a +0 whip.
* * * LOW HITPOINT WARNING * * *
The gnoll hits you from afar with a +0 spear!
You die...

#.........#.#
#....##.(.#.#
#.........#.###
##....##...#...#
#......###.###.#
#......#...#...#
.).....#.#.#.#####
##.#####...#.....###
†..............†@g>#
##....#....#.....#g#
#...#.#.####.#####.#
#.#.#.#.####.#....g#
#.#.#.#....#.#.##..#
<.......##.#.#
#....#
........##.#..
#.##.#
...........### #. .#
........#### #. #


You could see 2 gnolls.

Vanquished Creatures
  2 adders (D:2)
  2 dart slugs
  3 ball pythons
  7 endoplasms
  A giant cockroach (D:1)
  7 goblins
  5 hobgoblins
  2 jackals (D:1)
  3 kobolds (D:1)
  2 quokkas
  5 bats
  4 frilled lizards
  3 rats
46 creatures vanquished.

Notes
Turn   | Place    | Note
-------+----------+-------------------------------------------
     0 | D:1      | Flugkiller the Minotaur Fighter began the quest for the
                  | Orb.
     0 | D:1      | Reached XP level 1. HP: 19/19 MP: 0/0
   363 | D:1      | Reached XP level 2. HP: 24/27 MP: 1/1
   851 | D:1      | Reached XP level 3. HP: 33/33 MP: 2/2
  1287 | D:2      | Reached XP level 4. HP: 39/41 MP: 3/3
  1396 | D:2      | Slain by a gnoll

Illustrated notes

Levels and vault maps discovered:
D:1:      dpeg_arrival_circle_labyrinth_c, layout_loops_corners,
          minmay_misc_feat_rows
D:2:      layout_basic, hangedman_decor_growths, uniq_crazy_yiuf_cottage

Skill      XL: |  1  2  3 |
---------------+----------+-----
Fighting       | 4 |  4.5
Armour         | 4 |  4.3
Axes           | 3 |  3.5
Shields        | 4 |  4.0

Action                     |  1- 3 |  4- 6 || total
---------------------------+-------+-------++-------
  Melee: War axe           |    79 |     5 ||    84
         Headbutt          |     5 |     2 ||     7
 Armour: Scale mail        |    48 |     4 ||    52
  Dodge: Dodged            |    34 |     6 ||    40
  Block: Buckler           |    16 |     2 ||    18
